Crunch vs Wild

Created - 29 octobre 2023 at 14:14

Goals
1 2 3 T
Crunch 2 1 2 5
Wild 0 1 0 1
Shots
1 2 3 T
Crunch 11 17 11 39
Wild 1 9 1 11

GoalsPenalties
1st period
1. Crunch , Callahan Burke 7 (Jansen Harkins 13) at 16:19
2. Crunch , Jake Leschyshyn 7 (Jansen Harkins 14, Callahan Burke 4) at 17:15
Taylor Fedun (TAM) for Roughing (Minor) at 17:40
2nd period
3. Crunch , Mathieu Olivier 9 (Aliaksei Protas 18, David Gustafsson 17) at 8:23
4. Wild , Alex Limoges 2 (Logan Day 5) at 9:37 (PP)
Taylor Fedun (TAM) for High sticking (Minor) at 8:52
Joel Hofer (MIN) for Slashing (Minor) at 10:38 - Adam Karashik served the penalty
3rd period
5. Crunch , Jake Leschyshyn 8 (Nicolas Beaudin 3, Jansen Harkins 15) at 0:37
6. Crunch , Tim Schaller 2 (Taylor Fedun 5) at 9:14
Trevor Carrick (MIN) for Tripping (Minor) at 9:25
Goalie Stats
Erik Kallgren (TAM), 10 saves from 11 shots - (0,909), W, 20-3-5, 60:00 minutes
Joel Hofer (MIN), 34 saves from 39 shots - (0,872), L, 8-16-3, 60:00 minutes
3 StarsOfficial
1 - Jake Leschyshyn (TAM)
2 - Callahan Burke (TAM)
3 - Jansen Harkins (TAM)
Referees : Brandon Schrader and Ghislain Hebert
Linesman : Matt MacPherson and Julien Fournier
Game Note
No Game Note



Team Name Goals Shots Shots Attemp Shots Blocked PIM HIT PP PK FO%
Crunch 5396954250 / 2 (0%)161%
Wild 11120114211 / 2 (50%)039%

Crunch
Player Name POS G A P +/- PIM HIT SHT SB MP PP MP PP SHT PK MP PK SHT FO% FOT GA TA
Aliaksei ProtasLW/RW0111034019:322:1501:3200% 010
Ben MeyersC/LW0001024015:000:1000:00050% 400
Callahan BurkeC/RW1123021017:421:4300:0300% 010
Carson MeyerRW0001023013:520:1000:0000% 001
Daemon HuntD0001020012:270:0000:1200% 000
David GustafssonC/LW0111034124:032:0501:31061% 2300
Jake LeschyshynC2023017019:351:4301:01063% 800
Jansen HarkinsC/LW0333022017:581:4301:0500% 010
Jerad RosburgD000000006:480:0000:0000% 000
Jordan GrossD0002012124:023:0301:4300% 010
Mathieu OlivierRW1011015017:492:0510:0000% 011
Mattias NorlinderD0002011019:483:0301:4310% 000
Nick SwaneyRW000003208:420:0000:0000% 000
Nicolas BeaudinD0112010117:110:5501:0100% 000
Taylor FedunD0112411220:180:5500:0000% 000
Tim SchallerLW1011002014:090:0000:160100% 110
Xavier SimoneauC000000008:420:0000:00050% 200
Yan KuznetsovD0001001019:360:0000:4900% 000
Wild
Player Name POS G A P +/- PIM HIT SHT SB MP PP MP PP SHT PK MP PK SHT FO% FOT GA TA
Adam KarashikD0000011019:300:0000:4000% 001
Alex LimogesC/LW101-2011221:141:0110:00017% 600
Andrew PeskiD000-100006:030:0000:0000% 000
Austin CzarnikC/RW000-2004019:270:0000:00043% 701
Brandon DavidsonD000-2010214:550:4901:1500% 000
Cole BardreauC000-1010013:110:5101:27025% 400
Cooper MarodyC/RW000-1010124:041:4802:10038% 1301
Cristiano DiGiacintoC/LW/RW000-102007:530:0000:0000% 000
Dylan SikuraC/LW/RW000-2024125:081:4502:08033% 311
Evan PoleiLW000-1010116:010:3001:1900% 010
Fabian ZetterlundRW000-2020019:270:4900:0000% 000
Jack RathboneD000-2040128:341:5502:4300% 001
Logan DayD011-1030227:461:5502:4300% 000
Luke MartinD000-100001:300:0000:0000% 000
Mathias Emilio PettersenC000000000:310:0000:0000% 000
Seth GriffithC/RW000-2011121:181:2800:21080% 500
Shane GersichLW000-101006:240:0000:3100% 000
Trevor CarrickD000-3200023:050:4900:3500% 001

Crunch

5 vs 5 Forward
Line #Left WingCenterRight WingPHYDFOFWanted %Time %Time Play
1Aliaksei ProtasDavid GustafssonMathieu Olivier1224030%15:57
2Jansen HarkinsJake LeschyshynCallahan Burke1222528%14:58
3David GustafssonXavier SimoneauNick Swaney1222016%8:42
4Tim SchallerBen MeyersCarson Meyer1221526%13:41
5 vs 5 Defense
Line #DefenseDefensePHYDFOFWanted %Time %Time Play
1Jordan GrossTaylor Fedun1224036%19:16
2Mattias NorlinderNicolas Beaudin1223029%15:15
3Daemon HuntYan Kuznetsov1222022%11:59
4Yan KuznetsovJerad Rosburg1221013%6:48
Power Play Forward
Line #Left WingCenterRight WingPHYDFOFWanted %Time %Time Play
1Aliaksei ProtasDavid GustafssonMathieu Olivier1226057%2:15
2Jansen HarkinsJake LeschyshynCallahan Burke1224043%1:43
Power Play Defense
Line #DefenseDefensePHYDFOFWanted %Time %Time Play
1Jordan GrossMattias Norlinder1226077%3:03
2Taylor FedunNicolas Beaudin1224023%0:55
Penalty Kill 4 Players Forward
Line #CenterWingPHYDFOFWanted %Time %Time Play
1David GustafssonAliaksei Protas1226084%2:17
2Jake LeschyshynJansen Harkins1224016%0:27
Penalty Kill 4 Players Defense
Line #DefenseDefensePHYDFOFWanted %Time %Time Play
1Jordan GrossMattias Norlinder1226063%1:43
2Taylor FedunNicolas Beaudin1224037%1:01
Penalty Kill 3 Players
Line #WingPHYDFOFWanted %Time %Time PlayDefenseDefensePHYDFOFWanted %Time %Time Play
1David Gustafsson122600%0:00 Jordan GrossMattias Norlinder122600%0:00
2Jake Leschyshyn122400%0:00 Taylor FedunNicolas Beaudin122400%0:00
4 vs 4 Forward
Line #CenterWingPHYDFOFWanted %Time %Time Play
1David GustafssonAliaksei Protas122600%0:00
2Jake LeschyshynJansen Harkins122400%0:00
4 vs 4 Defense
Line #DefensePHYDFOFWanted %Time %Time Play
1Jordan GrossMattias Norlinder122600%0:00
2Taylor FedunNicolas Beaudin122400%0:00
Last Minutes Offensive
Left WingCenterRight WingDefenseDefense
Aliaksei ProtasDavid GustafssonMathieu OlivierJordan GrossMattias Norlinder
Last Minutes Defensive
Left WingCenterRight WingDefenseDefense
Aliaksei ProtasDavid GustafssonMathieu OlivierJordan GrossMattias Norlinder
Time
Total ForwardTotal DefenseLast Minutes OffensiveLast Minutes Defensive
60:00 60:00 0:000:00
Extra Forwards
Normal PowerPlayPenalty Kill
Jake Leschyshyn, Ben Meyers, Callahan BurkeJake Leschyshyn, Ben MeyersJake Leschyshyn
Extra Defensemen
Normal PowerPlayPenalty Kill
Yan Kuznetsov, Daemon Hunt, Jerad RosburgYan Kuznetsov, Yan KuznetsovDaemon Hunt
Penalty Shots
Aliaksei Protas, Jansen Harkins, Mathieu Olivier, David Gustafsson, Jake Leschyshyn
Goalie
Erik Kallgren, Garret Sparks
Scratches
Tyrell Goulbourne (Healthy), Dennis Cholowski (Left Wrist Injury), Stelio Mattheos (Healthy), Alex Whelan (Healthy), Tyce Thompson (Healthy)

Wild

5 vs 5 Forward
Line #Left WingCenterRight WingPHYDFOFWanted %Time %Time Play
1Dylan SikuraAustin CzarnikSeth Griffith1224037%19:39
2Alex LimogesCooper MarodyDylan Sikura1223024%13:01
3Cooper MarodySeth GriffithDylan Sikura1222013%6:59
4Cooper MarodyAlex LimogesFabian Zetterlund1221026%13:39
5 vs 5 Defense
Line #DefenseDefensePHYDFOFWanted %Time %Time Play
1Jack RathboneLogan Day1224536%19:16
2Jack RathboneTrevor Carrick1223336%19:26
3Logan DayJack Rathbone1222211%5:42
4Jack RathboneAdam Karashik122017%8:54
Power Play Forward
Line #Left WingCenterRight WingPHYDFOFWanted %Time %Time Play
1Cooper MarodyDylan SikuraSeth Griffith1136066%1:48
2Alex LimogesCooper MarodyDylan Sikura1224034%0:56
Power Play Defense
Line #DefenseDefensePHYDFOFWanted %Time %Time Play
1Jack RathboneLogan Day11360100%2:44
2Logan DayJack Rathbone122400%0:00
Penalty Kill 4 Players Forward
Line #CenterWingPHYDFOFWanted %Time %Time Play
1Cooper MarodyDylan Sikura12260100%3:58
2Cooper MarodyDylan Sikura122400%0:00
Penalty Kill 4 Players Defense
Line #DefenseDefensePHYDFOFWanted %Time %Time Play
1Logan DayJack Rathbone12260100%3:58
2Jack RathboneLogan Day122400%0:00
Penalty Kill 3 Players
Line #WingPHYDFOFWanted %Time %Time PlayDefenseDefensePHYDFOFWanted %Time %Time Play
1Cooper Marody113600%0:00 Logan DayJack Rathbone113600%0:00
2Cooper Marody113400%0:00 Jack RathboneLogan Day113400%0:00
4 vs 4 Forward
Line #CenterWingPHYDFOFWanted %Time %Time Play
1Cooper MarodyDylan Sikura122600%0:00
2Cooper MarodyDylan Sikura122400%0:00
4 vs 4 Defense
Line #DefensePHYDFOFWanted %Time %Time Play
1Jack RathboneLogan Day122600%0:00
2Jack RathboneLogan Day122400%0:00
Last Minutes Offensive
Left WingCenterRight WingDefenseDefense
Dylan SikuraAustin CzarnikSeth GriffithJack RathboneLogan Day
Last Minutes Defensive
Left WingCenterRight WingDefenseDefense
Dylan SikuraAustin CzarnikSeth GriffithJack RathboneLogan Day
Time
Total ForwardTotal DefenseLast Minutes OffensiveLast Minutes Defensive
60:00 60:00 0:000:00
Extra Forwards
Normal PowerPlayPenalty Kill
Cooper Marody, Seth Griffith, Dylan SikuraSeth Griffith, Dylan SikuraCooper Marody
Extra Defensemen
Normal PowerPlayPenalty Kill
Adam Karashik, Jack Rathbone, Logan DayJack Rathbone, Jack RathboneLogan Day
Penalty Shots
Seth Griffith, Austin Czarnik, Dylan Sikura, Alex Limoges, Cooper Marody
Goalie
Joel Hofer, Dylan Ferguson
Scratches
Brad Malone (Left Forearm Injury), Ty Ronning (Healthy), Timur Ibragimov (Healthy), Anthony Vincent (Healthy), Joakim Kemell (Healthy) Dryden McKay (Healthy)


Play-by-Play

1st period


0:01 of 1st period - David Gustafsson wins face-off versus Austin Czarnik in neutral zone.
0:04 of 1st period - Snap shot by David Gustafsson.
0:04 of 1st period - Shot Misses the Net.
0:26 of 1st period - Jansen Harkins is hit by Logan Day and loses puck.
0:51 of 1st period - Trevor Carrick is hit by Nick Swaney and loses puck.
1:40 of 1st period - Jack Rathbone is hit by David Gustafsson and loses puck.
3:07 of 1st period - Cristiano DiGiacinto is hit by Jansen Harkins and loses puck.
4:05 of 1st period - Logan Day is hit by Daemon Hunt.
4:31 of 1st period - Wrist shot by Jansen Harkins.
4:31 of 1st period - Shot Misses the Net.
4:33 of 1st period - Wrist shot by Jake Leschyshyn.
4:33 of 1st period - Shot Misses the Net.
5:09 of 1st period - Fabian Zetterlund is hit by Callahan Burke and loses puck.
5:34 of 1st period - Wrist shot by Nick Swaney.
5:34 of 1st period - Stopped by Joel Hofer without a rebound.
5:35 of 1st period - Seth Griffith wins face-off versus Ben Meyers in Wild zone.
6:42 of 1st period - Icing by Jack Rathbone.
6:43 of 1st period - David Gustafsson wins face-off versus Cole Bardreau in Wild zone.
6:44 of 1st period - Snap shot by Aliaksei Protas.
6:44 of 1st period - Deflect By David Gustafsson.
6:44 of 1st period - Stopped by Joel Hofer without a rebound.
6:45 of 1st period - David Gustafsson wins face-off versus Cole Bardreau in Wild zone.
6:46 of 1st period - Snap shot by Aliaksei Protas.
6:46 of 1st period - Shot Misses the Net.
6:48 of 1st period - Snap shot by Aliaksei Protas.
6:48 of 1st period - Stopped by Joel Hofer with a rebound.
7:10 of 1st period - Jake Leschyshyn is hit by Jack Rathbone and loses puck.
7:25 of 1st period - Slapshot by Ben Meyers.
7:25 of 1st period - Shot Blocked by Alex Limoges.
7:27 of 1st period - Wrist shot by Ben Meyers.
7:27 of 1st period - Deflect By Tim Schaller.
7:27 of 1st period - Stopped by Joel Hofer with a rebound.
7:29 of 1st period - Snap shot by Ben Meyers.
7:29 of 1st period - Shot Misses the Net.
8:07 of 1st period - Snap shot by Jansen Harkins.
8:07 of 1st period - Deflect By Jake Leschyshyn.
8:07 of 1st period - Shot Misses the Net.
8:07 of 1st period - Puck is out of play.
8:08 of 1st period - Jake Leschyshyn wins face-off versus Cooper Marody in Wild zone.
9:27 of 1st period - Evan Polei is hit by Nick Swaney and loses puck.
10:52 of 1st period - Cole Bardreau is hit by Jordan Gross and loses puck.
11:50 of 1st period - Austin Czarnik is hit by David Gustafsson and loses puck.
12:26 of 1st period - Xavier Simoneau is hit by Alex Limoges and loses puck.
12:43 of 1st period - Off-side.
12:44 of 1st period - Austin Czarnik wins face-off versus Ben Meyers in neutral zone.
13:14 of 1st period - Austin Czarnik is hit by Ben Meyers and loses puck.
13:19 of 1st period - Wrist shot by Ben Meyers.
13:19 of 1st period - Stopped by Joel Hofer with a rebound.
13:35 of 1st period - Adam Karashik is hit by Nick Swaney and loses puck.
13:50 of 1st period - Evan Polei is hit by David Gustafsson.
14:43 of 1st period - Snap shot by Ben Meyers.
14:43 of 1st period - Deflect By Fabian Zetterlund.
14:43 of 1st period - Shot Misses the Net.
14:43 of 1st period - Puck is out of play.
14:44 of 1st period - Cole Bardreau wins face-off versus David Gustafsson in Wild zone.
15:01 of 1st period - Slapshot by Callahan Burke.
15:01 of 1st period - Deflect By Jansen Harkins.
15:01 of 1st period - Shot Blocked by Logan Day.
15:01 of 1st period - Puck is out of play.
15:02 of 1st period - David Gustafsson wins face-off versus Austin Czarnik in Wild zone.
15:45 of 1st period - Wrist shot by Ben Meyers.
15:45 of 1st period - Stopped by Joel Hofer with a rebound.
15:59 of 1st period - Callahan Burke is hit by Fabian Zetterlund and loses puck.
16:12 of 1st period - Dylan Sikura is hit by Jansen Harkins and loses puck.
16:19 of 1st period - Snap shot by Callahan Burke.
16:19 of 1st period - Goal by Callahan Burke - Crunch : 1 - Wild : 0.
16:20 of 1st period - Cooper Marody wins face-off versus David Gustafsson in neutral zone.
16:51 of 1st period - Snap shot by Jake Leschyshyn.
16:51 of 1st period - Stopped by Joel Hofer with a rebound.
17:15 of 1st period - Snap shot by Jake Leschyshyn.
17:15 of 1st period - Goal by Jake Leschyshyn - Crunch : 2 - Wild : 0.
17:16 of 1st period - Seth Griffith wins face-off versus David Gustafsson in neutral zone.
17:27 of 1st period - Wrist shot by Dylan Sikura.
17:27 of 1st period - Stopped by Erik Kallgren without a rebound.
17:28 of 1st period - Cooper Marody wins face-off versus David Gustafsson in Crunch zone.
17:40 of 1st period - Minor Penalty to Taylor Fedun for Roughing.
17:41 of 1st period - David Gustafsson wins face-off versus Dylan Sikura in Crunch zone.
17:51 of 1st period - Snap shot by David Gustafsson.
17:51 of 1st period - Shot Misses the Net.
17:53 of 1st period - Wrist shot by Aliaksei Protas.
17:53 of 1st period - Shot Misses the Net.
17:55 of 1st period - Snap shot by Mattias Norlinder.
17:55 of 1st period - Stopped by Joel Hofer with a rebound.
17:57 of 1st period - Slapshot by Mattias Norlinder.
17:57 of 1st period - Shot Blocked by Cooper Marody.
18:36 of 1st period - David Gustafsson is hit by Logan Day and loses puck.
19:40 of 1st period - Penalty to Taylor Fedun is over, Taylor Fedun is back on ice.
19:55 of 1st period - Snap shot by David Gustafsson.
19:55 of 1st period - Stopped by Joel Hofer without a rebound.
19:56 of 1st period - Xavier Simoneau wins face-off versus Austin Czarnik in Wild zone.
19:57 of 1st period - Snap shot by David Gustafsson.
19:57 of 1st period - Shot Misses the Net.
19:59 of 1st period - Wrist shot by David Gustafsson.
19:59 of 1st period - Shot Misses the Net.
Goals for this period are 2 for Crunch vs 0 for Wild.
Shots for this period are 11 for Crunch vs 1 for Wild.

2nd period


0:01 of 2nd period - David Gustafsson wins face-off versus Cooper Marody in neutral zone.
0:08 of 2nd period - Snap shot by Aliaksei Protas.
0:08 of 2nd period - Shot Misses the Net.
0:31 of 2nd period - Slapshot by Dylan Sikura.
0:31 of 2nd period - Stopped by Erik Kallgren without a rebound.
0:32 of 2nd period - Austin Czarnik wins face-off versus David Gustafsson in Crunch zone.
0:37 of 2nd period - Snap shot by Seth Griffith.
0:37 of 2nd period - Shot Blocked by Nicolas Beaudin.
0:39 of 2nd period - Slapshot by Austin Czarnik.
0:39 of 2nd period - Stopped by Erik Kallgren with a rebound.
0:53 of 2nd period - Snap shot by Jake Leschyshyn.
0:53 of 2nd period - Stopped by Joel Hofer without a rebound.
0:54 of 2nd period - Jake Leschyshyn wins face-off versus Alex Limoges in Wild zone.
1:23 of 2nd period - Slapshot by David Gustafsson.
1:23 of 2nd period - Shot Misses the Net.
1:25 of 2nd period - Wrist shot by Aliaksei Protas.
1:25 of 2nd period - Deflect By David Gustafsson.
1:25 of 2nd period - Shot Blocked by Seth Griffith.
1:25 of 2nd period - Puck is out of play.
1:26 of 2nd period - David Gustafsson wins face-off versus Seth Griffith in Wild zone.
1:33 of 2nd period - Snap shot by Aliaksei Protas.
1:33 of 2nd period - Stopped by Joel Hofer with a rebound.
1:41 of 2nd period - Mathieu Olivier is hit by Dylan Sikura and loses puck.
2:26 of 2nd period - Snap shot by Carson Meyer.
2:26 of 2nd period - Stopped by Joel Hofer with a rebound.
3:16 of 2nd period - Wrist shot by David Gustafsson.
3:16 of 2nd period - Deflect By Adam Karashik.
3:16 of 2nd period - Stopped by Joel Hofer without a rebound.
3:17 of 2nd period - Ben Meyers wins face-off versus Cooper Marody in Wild zone.
3:32 of 2nd period - Snap shot by Carson Meyer.
3:32 of 2nd period - Stopped by Joel Hofer with a rebound.
3:54 of 2nd period - Mattias Norlinder is hit by Dylan Sikura and loses puck.
4:20 of 2nd period - Backhand shot by Ben Meyers.
4:20 of 2nd period - Stopped by Joel Hofer with a rebound.
4:22 of 2nd period - Slapshot by Nicolas Beaudin.
4:22 of 2nd period - Shot Misses the Net.
4:24 of 2nd period - Snap shot by Carson Meyer.
4:24 of 2nd period - Shot Misses the Net.
4:48 of 2nd period - Seth Griffith is hit by Aliaksei Protas and loses puck.
5:25 of 2nd period - Shane Gersich is hit by Jake Leschyshyn and loses puck.
6:20 of 2nd period - Wrist shot by Aliaksei Protas.
6:20 of 2nd period - Deflect By Mathieu Olivier.
6:20 of 2nd period - Stopped by Joel Hofer without a rebound.
6:21 of 2nd period - Tim Schaller wins face-off versus Alex Limoges in Wild zone.
6:22 of 2nd period - Snap shot by Ben Meyers.
6:22 of 2nd period - Shot Blocked by Logan Day.
7:32 of 2nd period - Mathieu Olivier is hit by Cole Bardreau and loses puck.
7:39 of 2nd period - Evan Polei is hit by Aliaksei Protas and loses puck.
8:08 of 2nd period - Wrist shot by Mathieu Olivier.
8:08 of 2nd period - Stopped by Joel Hofer with a rebound.
8:10 of 2nd period - Backhand shot by Jerad Rosburg.
8:10 of 2nd period - Shot Misses the Net.
8:23 of 2nd period - Snap shot by Mathieu Olivier.
8:23 of 2nd period - Goal by Mathieu Olivier - Crunch : 3 - Wild : 0.
8:24 of 2nd period - Jake Leschyshyn wins face-off versus Cooper Marody in neutral zone.
8:52 of 2nd period - Minor Penalty to Taylor Fedun for High sticking.
8:53 of 2nd period - Dylan Sikura wins face-off versus David Gustafsson in Crunch zone.
9:06 of 2nd period - Snap shot by Logan Day.
9:06 of 2nd period - Shot Misses the Net.
9:08 of 2nd period - Snap shot by Seth Griffith.
9:08 of 2nd period - Shot Blocked by Jordan Gross.
9:24 of 2nd period - David Gustafsson is hit by Logan Day and loses puck.
9:37 of 2nd period - Wrist shot by Alex Limoges.
9:37 of 2nd period - Goal by Alex Limoges - Crunch : 3 - Wild : 1.
9:38 of 2nd period - Seth Griffith wins face-off versus Jake Leschyshyn in neutral zone.
9:49 of 2nd period - Snap shot by Dylan Sikura.
9:49 of 2nd period - Shot Misses the Net.
10:05 of 2nd period - Carson Meyer is hit by Jack Rathbone and loses puck.
10:38 of 2nd period - Snap shot by David Gustafsson.
10:38 of 2nd period - Stopped by Joel Hofer without a rebound.
10:38 of 2nd period - Minor Penalty to Joel Hofer for Slashing.
10:39 of 2nd period - David Gustafsson wins face-off versus Cooper Marody in Wild zone.
10:52 of 2nd period - Wrist shot by David Gustafsson.
10:52 of 2nd period - Shot Misses the Net.
10:54 of 2nd period - Snap shot by Mathieu Olivier.
10:54 of 2nd period - Stopped by Joel Hofer without a rebound.
10:55 of 2nd period - Cooper Marody wins face-off versus David Gustafsson in Wild zone.
12:25 of 2nd period - Callahan Burke is hit by Shane Gersich and loses puck.
12:38 of 2nd period - Penalty to Adam Karashik is over, Adam Karashik is back on ice.
12:44 of 2nd period - Ben Meyers is hit by Adam Karashik and loses puck.
12:57 of 2nd period - Slapshot by Yan Kuznetsov.
12:57 of 2nd period - Stopped by Joel Hofer without a rebound.
12:58 of 2nd period - Alex Limoges wins face-off versus Xavier Simoneau in Wild zone.
13:08 of 2nd period - Xavier Simoneau is hit by Seth Griffith and loses puck.
13:23 of 2nd period - David Gustafsson is hit by Cooper Marody and loses puck.
13:55 of 2nd period - Snap shot by Jansen Harkins.
13:55 of 2nd period - Stopped by Joel Hofer with a rebound.
14:34 of 2nd period - Slapshot by Mattias Norlinder.
14:34 of 2nd period - Shot Blocked by Evan Polei.
14:36 of 2nd period - Snap shot by Mathieu Olivier.
14:36 of 2nd period - Stopped by Joel Hofer with a rebound.
14:58 of 2nd period - Slapshot by Taylor Fedun.
14:58 of 2nd period - Stopped by Joel Hofer without a rebound.
14:59 of 2nd period - Jake Leschyshyn wins face-off versus Cole Bardreau in Wild zone.
15:31 of 2nd period - Wrist shot by Ben Meyers.
15:31 of 2nd period - Shot Blocked by Brandon Davidson.
16:49 of 2nd period - Slapshot by Austin Czarnik.
16:49 of 2nd period - Stopped by Erik Kallgren with a rebound.
16:51 of 2nd period - Snap shot by Dylan Sikura.
16:51 of 2nd period - Shot Blocked by Taylor Fedun.
16:53 of 2nd period - Snap shot by Austin Czarnik.
16:53 of 2nd period - Stopped by Erik Kallgren with a rebound.
16:57 of 2nd period - Slapshot by Austin Czarnik.
16:57 of 2nd period - Stopped by Erik Kallgren with a rebound.
16:59 of 2nd period - Wrist shot by Dylan Sikura.
16:59 of 2nd period - Shot Blocked by Taylor Fedun.
17:01 of 2nd period - Slapshot by Adam Karashik.
17:01 of 2nd period - Deflect By Aliaksei Protas.
17:01 of 2nd period - Stopped by Erik Kallgren with a rebound.
17:03 of 2nd period - Snap shot by Dylan Sikura.
17:03 of 2nd period - Stopped by Erik Kallgren with a rebound.
17:05 of 2nd period - Snap shot by Dylan Sikura.
17:05 of 2nd period - Shot Misses the Net.
17:07 of 2nd period - Wrist shot by Seth Griffith.
17:07 of 2nd period - Stopped by Erik Kallgren without a rebound.
17:08 of 2nd period - Jake Leschyshyn wins face-off versus Alex Limoges in Crunch zone.
19:09 of 2nd period - Backhand shot by Nick Swaney.
19:09 of 2nd period - Stopped by Joel Hofer without a rebound.
19:10 of 2nd period - Cooper Marody wins face-off versus Jake Leschyshyn in Wild zone.
19:25 of 2nd period - Slapshot by Ben Meyers.
19:25 of 2nd period - Stopped by Joel Hofer with a rebound.
Goals for this period are 1 for Crunch vs 1 for Wild.
Shots for this period are 17 for Crunch vs 9 for Wild.

3rd period


0:01 of 3rd period - David Gustafsson wins face-off versus Cooper Marody in neutral zone.
0:31 of 3rd period - Snap shot by Jansen Harkins.
0:31 of 3rd period - Stopped by Joel Hofer with a rebound.
0:33 of 3rd period - Slapshot by Nicolas Beaudin.
0:33 of 3rd period - Deflect By Jake Leschyshyn.
0:33 of 3rd period - Stopped by Joel Hofer with a rebound.
0:35 of 3rd period - Slapshot by Jake Leschyshyn.
0:35 of 3rd period - Shot Hit the Post.
0:37 of 3rd period - Snap shot by Jake Leschyshyn.
0:37 of 3rd period - Goal by Jake Leschyshyn - Crunch : 4 - Wild : 1.
0:38 of 3rd period - David Gustafsson wins face-off versus Cooper Marody in neutral zone.
0:41 of 3rd period - Wrist shot by Aliaksei Protas.
0:41 of 3rd period - Stopped by Joel Hofer with a rebound.
0:43 of 3rd period - Snap shot by Aliaksei Protas.
0:43 of 3rd period - Deflect By David Gustafsson.
0:43 of 3rd period - Shot Blocked by Jack Rathbone.
0:43 of 3rd period - Puck is out of play.
0:44 of 3rd period - Cooper Marody wins face-off versus David Gustafsson in Wild zone.
0:51 of 3rd period - Slapshot by Logan Day.
0:51 of 3rd period - Deflect By Cooper Marody.
0:51 of 3rd period - Shot Blocked by David Gustafsson.
0:51 of 3rd period - Puck is out of play.
0:52 of 3rd period - David Gustafsson wins face-off versus Alex Limoges in Crunch zone.
1:04 of 3rd period - Wrist shot by Aliaksei Protas.
1:04 of 3rd period - Shot Blocked by Dylan Sikura.
1:06 of 3rd period - Slapshot by Jordan Gross.
1:06 of 3rd period - Stopped by Joel Hofer with a rebound.
1:08 of 3rd period - Snap shot by Aliaksei Protas.
1:08 of 3rd period - Shot Blocked by Alex Limoges.
1:20 of 3rd period - Snap shot by Carson Meyer.
1:20 of 3rd period - Stopped by Joel Hofer with a rebound.
1:28 of 3rd period - Slapshot by Dylan Sikura.
1:28 of 3rd period - Stopped by Erik Kallgren without a rebound.
1:29 of 3rd period - Austin Czarnik wins face-off versus David Gustafsson in Crunch zone.
1:34 of 3rd period - Slapshot by Austin Czarnik.
1:34 of 3rd period - Shot Misses the Net.
3:17 of 3rd period - Slapshot by Jordan Gross.
3:17 of 3rd period - Deflect By Logan Day.
3:17 of 3rd period - Stopped by Joel Hofer with a rebound.
3:19 of 3rd period - Snap shot by Jake Leschyshyn.
3:19 of 3rd period - Stopped by Joel Hofer with a rebound.
5:03 of 3rd period - Ben Meyers is hit by Jack Rathbone and loses puck.
5:38 of 3rd period - Cooper Marody is hit by Aliaksei Protas and loses puck.
5:51 of 3rd period - Austin Czarnik is hit by Mattias Norlinder and loses puck.
7:44 of 3rd period - Dylan Sikura is hit by Carson Meyer and loses puck.
9:14 of 3rd period - Snap shot by Tim Schaller.
9:14 of 3rd period - Goal by Tim Schaller - Crunch : 5 - Wild : 1.
9:15 of 3rd period - David Gustafsson wins face-off versus Austin Czarnik in neutral zone.
9:19 of 3rd period - Nicolas Beaudin is hit by Jack Rathbone and loses puck.
9:25 of 3rd period - Minor Penalty to Trevor Carrick for Tripping.
9:26 of 3rd period - David Gustafsson wins face-off versus Dylan Sikura in Wild zone.
11:25 of 3rd period - Penalty to Trevor Carrick is over, Trevor Carrick is back on ice.
11:29 of 3rd period - Icing by Logan Day.
11:30 of 3rd period - Ben Meyers wins face-off versus Alex Limoges in Wild zone.
12:29 of 3rd period - Austin Czarnik is hit by Callahan Burke and loses puck.
13:14 of 3rd period - Dylan Sikura is hit by Nicolas Beaudin and loses puck.
13:40 of 3rd period - Tim Schaller is hit by Evan Polei and loses puck.
13:53 of 3rd period - Mattias Norlinder is hit by Cristiano DiGiacinto and loses puck.
14:10 of 3rd period - Jake Leschyshyn is hit by Cristiano DiGiacinto and loses puck.
14:55 of 3rd period - Off-side.
14:56 of 3rd period - David Gustafsson wins face-off versus Cooper Marody in neutral zone.
15:05 of 3rd period - Slapshot by Aliaksei Protas.
15:05 of 3rd period - Stopped by Joel Hofer with a rebound.
15:15 of 3rd period - Dylan Sikura is hit by Taylor Fedun and loses puck.
15:34 of 3rd period - Fabian Zetterlund is hit by Ben Meyers and loses puck.
16:41 of 3rd period - Nicolas Beaudin is hit by Fabian Zetterlund and loses puck.
16:58 of 3rd period - Mattias Norlinder is hit by Brandon Davidson and loses puck.
17:11 of 3rd period - Snap shot by Callahan Burke.
17:11 of 3rd period - Shot Blocked by Brandon Davidson.
17:25 of 3rd period - Alex Limoges is hit by Carson Meyer and loses puck.
17:42 of 3rd period - Cristiano DiGiacinto is hit by Mathieu Olivier and loses puck.
18:32 of 3rd period - Trevor Carrick is hit by Daemon Hunt and loses puck.
19:26 of 3rd period - Snap shot by Jake Leschyshyn.
19:26 of 3rd period - Stopped by Joel Hofer without a rebound.
19:27 of 3rd period - Seth Griffith wins face-off versus Jake Leschyshyn in Wild zone.
19:38 of 3rd period - Snap shot by Jake Leschyshyn.
19:38 of 3rd period - Shot Misses the Net.
Goals for this period are 2 for Crunch vs 0 for Wild.
Shots for this period are 11 for Crunch vs 1 for Wild.